AoeStats
← Urho Kekkonen

Runestones

508312716Analyzed
1v1 RM · 9d ago on Sep 21, 2026· 44m 7s· 2 players
Game mode
Random Map
Map size
Tiny (2 player)
Population
200
Speed
Normal
Resources
Standard
Victory
Conquest
Starting age
Dark Age
Ending age
Imperial Age
RankedLock teamsTeams togetherTeam positionsShared explorationLock speedFull tech treeHidden civsTurbo modeCheats
Victory
Defeat
🇫🇮 Persians · Finland
1517
+17
🇮🇳 Persians · India
1531
-17
Urho Kekkonen
8:40 Feudal Age
8:38 Loom
9:20 Double-Bit Axe
12:34 Town Watch
18:50 Castle Age
16:37 Horse Collar
18:06 Fletching
19:31 Bow Saw
19:20 Bodkin Arrow
20:28 Husbandry
22:10 Wheelbarrow
24:26 Heavy Plow
31:19 Gold Mining
34:42 Imperial Age
33:01 Scale Barding Armor
33:27 Bloodlines
34:03 Stone Mining
34:41 Chain Barding Armor
35:15 Forging
34:29 Cavalier
35:20 Devotion
36:38 Plate Barding Armor
36:10 Savar
38:21 Iron Casting
38:04 Hand Cart
40:05 Blast Furnace
39:27 Ballistics
39:31 Conscription
39:43 Crossbowman
41:25 Chemistry
41:01 Thumb Ring
41:00 Kamandaran
42:56 Padded Archer Armor
42:56 Scale Mail Armor
43:29 Light Cavalry
GS
6:00 Loom
10:19 Feudal Age
13:11 Horse Collar
17:13 Castle Age
16:52 Bloodlines
17:18 Scale Barding Armor
18:36 Double-Bit Axe
25:23 Forging
28:38 Gold Mining
28:50 Heavy Plow
29:37 Wheelbarrow
30:54 Husbandry
35:07 Imperial Age
33:31 Town Watch
34:11 Fletching
34:22 Padded Archer Armor
34:57 Iron Casting
35:06 Bow Saw
34:22 Elite Skirmisher
35:24 Chain Barding Armor
35:28 Ballistics
36:44 Conscription
36:55 Hand Cart
36:26 Heavy Camel Rider
39:27 Plate Barding Armor
40:21 Pikeman
41:02 Squires
41:03 Scale Mail Armor
42:03 Blast Furnace
41:27 Halberdier
42:23 Chain Mail Armor
43:16 Gold Shaft Mining
Connection lost

Rejoining the realm…

Still unreachable

The connection could not be restored.

Session expired

The server has moved on; the page needs a fresh start.